FSL
DUNEDIN BLUE JAYS @ CHARLOTTE STONE CRABS
09/22/2099
 
TOP OF THE 1ST
Dunedin Blue Jays batting - Pitching for Charlotte Stone Crabs : LHP Mike Fife
Pitching: LHP Mike Fife
Batting: LHB Ryan Tribbett 0-0: Called Strike
0-1: Swinging Strike
0-2: Strikes out swinging
Batting: LHB Jared Sprinkle 0-0: Ball
1-0: Ground out 1-3 (Groundball, 13, EV 70.6 MPH)
Batting: RHB Devon Phillips 0-0: Ground out 3-1 (Groundball, 34, EV 104.4 MPH)
Top of the 1st over - 0 runs, 0 hits, 0 errors, 0 left on base; Dunedin 0 - Charlotte 0
BOTTOM OF THE 1ST
Charlotte Stone Crabs batting - Pitching for Dunedin Blue Jays : RHP R.J. Louvier
Pitching: RHP R.J. Louvier
Batting: SHB John Christopher 0-0: Ball
1-0: Ball
2-0: Ball
3-0: Called Strike
3-1: Called Strike
3-2: Strikes out swinging
Batting: RHB Daniel Melendrez 0-0: Swinging Strike
0-1: Ball
1-1: Foul Ball, location: 9LSF
1-2: Foul Ball, location: 23FF
1-2: Strikes out looking
Batting: RHB Jeff Rock 0-0: Called Strike
0-1: Called Strike
0-2: Ball
1-2: Fly out, F8 (Flyball, 8RM, EV 96.9 MPH)
Bottom of the 1st over - 0 runs, 0 hits, 0 errors, 0 left on base; Dunedin 0 - Charlotte 0
TOP OF THE 2ND
Dunedin Blue Jays batting - Pitching for Charlotte Stone Crabs : LHP Mike Fife
Batting: RHB Bill Curtis 0-0: Called Strike
0-1: Foul Ball, location: 2F
0-2: Fly out, F7 (Flyball, 78S, EV 93.8 MPH)
Batting: RHB Steve Jones 0-0: Called Strike
0-1: Foul Ball, location: 7LMFF
0-2: Ball
1-2: Foul Ball, location: 2F
1-2: Ball
2-2: Strikes out swinging
Batting: LHB Rob Roe 0-0: Ball
1-0: Fly out, F9 (Flyball, 9D, EV 93.1 MPH)
Top of the 2nd over - 0 runs, 0 hits, 0 errors, 0 left on base; Dunedin 0 - Charlotte 0
BOTTOM OF THE 2ND
Charlotte Stone Crabs batting - Pitching for Dunedin Blue Jays : RHP R.J. Louvier
Batting: LHB Bryan Souder 0-0: Ball
1-0: Ball
2-0: Called Strike
2-1: Swinging Strike
2-2: Fly out, F5 (Popup, 5F, EV 80.6 MPH)
Batting: RHB Isaiah Qualls 0-0: Foul Ball, location: 9LDF
0-1: Foul Ball, location: 2F
0-2: SOLO HOME RUN (Flyball, 89XD, EV 98.8 MPH), Distance : 394 ft
Batting: RHB Chad Morris 0-0: Fly out, F9 (Flyball, 89XD, EV 100.0 MPH)
Batting: RHB Jason William 0-0: Called Strike
0-1: Ball
1-1: Fly out, F5 (Popup, 56S, EV 83.1 MPH)
Bottom of the 2nd over - 1 run, 1 hit, 0 errors, 0 left on base; Dunedin 0 - Charlotte 1
TOP OF THE 3RD
Dunedin Blue Jays batting - Pitching for Charlotte Stone Crabs : LHP Mike Fife
Batting: RHB Ricky Davila 0-0: Ball
1-0: Called Strike
1-1: Called Strike
1-2: SINGLE (Line Drive, 34D, EV 96.9 MPH)
Batting: SHB James Parks 0-0: Swinging Strike
0-1: SINGLE (Groundball, 56S, EV 68.1 MPH) (infield hit)
Ricky Davila to second
Batting: RHB Kenny Franks 0-0: Fly out, F6 (Popup, 6M, EV 52.5 MPH)
Pinch Hitting: SHB Luis Solano 0-0: Ball
1-0: Swinging Strike
1-1: Foul Ball, location: 23F
1-2: Ball
2-2: Strikes out swinging
Batting: LHB Jared Sprinkle 0-0: Ball
1-0: Ball
2-0: Called Strike
2-1: SINGLE (Line Drive, 7S, EV 98.1 MPH)
Ricky Davila to third
James Parks to second
Runner from 3rd tries for Home, SAFE, throw by LF to home
Batting: RHB Devon Phillips 0-0: Ball
1-0: Fly out, F8 (Flyball, 8RS, EV 86.9 MPH)
Top of the 3rd over - 1 run, 3 hits, 0 errors, 2 left on base; Dunedin 1 - Charlotte 1
BOTTOM OF THE 3RD
Charlotte Stone Crabs batting - Pitching for Dunedin Blue Jays : RHP R.J. Louvier
Now in LF: Jesse Fobes
Batting: RHB Alex Cooper 0-0: Swinging Strike
0-1: Foul Ball, location: 2F
0-2: Strikes out swinging
Batting: RHB Zach Frederick 0-0: Ball
1-0: Called Strike
1-1: Foul Ball, location: 3DF
1-2: Strikes out swinging
Batting: SHB John Christopher 0-0: Fly out, F9 (Flyball, 89M, EV 91.9 MPH)
Bottom of the 3rd over - 0 runs, 0 hits, 0 errors, 0 left on base; Dunedin 1 - Charlotte 1
TOP OF THE 4TH
Dunedin Blue Jays batting - Pitching for Charlotte Stone Crabs : LHP Mike Fife
Batting: RHB Bill Curtis 0-0: Ball
1-0: Swinging Strike
1-1: Foul Ball, location: 7LDF
1-2: Ball
2-2: Ball
3-2: Strikes out looking
Batting: RHB Steve Jones 0-0: Called Strike
0-1: Foul Ball, location: 7LMF
0-2: Ball
1-2: Ball
2-2: Ball
3-2: Strikes out swinging
Batting: LHB Rob Roe 0-0: Ball
1-0: Ball
2-0: Called Strike
2-1: Foul Ball, location: 2F
2-2: Ball
3-2: Strikes out swinging
Top of the 4th over - 0 runs, 0 hits, 0 errors, 0 left on base; Dunedin 1 - Charlotte 1
BOTTOM OF THE 4TH
Charlotte Stone Crabs batting - Pitching for Dunedin Blue Jays : RHP R.J. Louvier
Batting: RHB Daniel Melendrez 0-0: Ball
1-0: Swinging Strike
1-1: Foul Ball, location: 7LMF
1-2: Strikes out looking
Batting: RHB Jeff Rock 0-0: Called Strike
0-1: Called Strike
0-2: Strikes out swinging
Batting: LHB Bryan Souder 0-0: Foul Ball, location: 2RF
0-1: Ball
1-1: Foul Ball, location: 7LDF
1-2: Strikes out swinging
Bottom of the 4th over - 0 runs, 0 hits, 0 errors, 0 left on base; Dunedin 1 - Charlotte 1
TOP OF THE 5TH
Dunedin Blue Jays batting - Pitching for Charlotte Stone Crabs : LHP Mike Fife
Batting: RHB Ricky Davila 0-0: Foul Ball, location: 2F
0-1: Fly out, F4 (Popup, 23, EV 91.3 MPH)
Batting: SHB James Parks 0-0: Foul Ball, location: 2F
0-1: Ground out 6-3 (Groundball, 6, EV 103.8 MPH)
Batting: RHB Kenny Franks 0-0: Called Strike
0-1: Ball
1-1: Swinging Strike
1-2: Fly out, F5 (Line Drive, 5, EV 67.5 MPH)
Top of the 5th over - 0 runs, 0 hits, 0 errors, 0 left on base; Dunedin 1 - Charlotte 1
BOTTOM OF THE 5TH
Charlotte Stone Crabs batting - Pitching for Dunedin Blue Jays : RHP R.J. Louvier
Batting: RHB Isaiah Qualls 0-0: Ball
1-0: Foul Ball, location: 2LF
1-1: Ground out 5-3 (Groundball, 56S, EV 84.4 MPH)
Batting: RHB Chad Morris 0-0: Ball
1-0: Called Strike
1-1: Ball
2-1: DOUBLE (Line Drive, 9LS, EV 95.0 MPH)
Batting: RHB Jason William 0-0: Called Strike
0-1: Ground out 6-3 (Groundball, 6, EV 79.4 MPH)
Chad Morris to third
Batting: RHB Alex Cooper 0-0: Ball
1-0: Swinging Strike
1-1: Swinging Strike
1-2: Ball
2-2: Foul Ball, location: 2F
2-2: Foul Ball, location: 9LSF
2-2: Ball
3-2: Ground out 5-3 (Groundball, 5, EV 76.9 MPH)
Bottom of the 5th over - 0 runs, 1 hit, 0 errors, 1 left on base; Dunedin 1 - Charlotte 1
TOP OF THE 6TH
Dunedin Blue Jays batting - Pitching for Charlotte Stone Crabs : LHP Mike Fife
Batting: RHB Jesse Fobes 0-0: Called Strike
0-1: Called Strike
0-2: Hit by Pitch
Batting: LHB Jared Sprinkle 0-0: Foul Ball, location: 3F
0-1: Swinging Strike
0-2: Ball
Jesse Fobes is caught stealing 2nd base 2-6
1-2: Ground out 4-3 (Groundball, 34D, EV 86.3 MPH)
Batting: RHB Devon Phillips 0-0: Swinging Strike
0-1: Ball
1-1: Ball
2-1: Foul Ball, location: 2F
2-2: Foul Ball, location: 9LSF
2-2: SINGLE (Line Drive, 8RS, EV 91.3 MPH)
Batting: RHB Bill Curtis 0-0: Ball
1-0: Swinging Strike
1-1: Called Strike
1-2: Foul Ball, location: 25FF
1-2: Foul Ball, location: 9LDF
1-2: Strikes out swinging
Top of the 6th over - 0 runs, 1 hit, 0 errors, 1 left on base; Dunedin 1 - Charlotte 1
BOTTOM OF THE 6TH
Charlotte Stone Crabs batting - Pitching for Dunedin Blue Jays : RHP R.J. Louvier
Batting: RHB Zach Frederick 0-0: Called Strike
0-1: Ball
1-1: Ball
2-1: Foul Ball, location: 3F
2-2: Foul Ball, location: 2F
2-2: Strikes out looking
Batting: SHB John Christopher 0-0: Ball
1-0: Ball
2-0: Ball
3-0: Base on Balls
Batting: RHB Daniel Melendrez 0-0: Ball
1-0: Ball
2-0: Called Strike
2-1: Foul Ball, location: 2F
2-2: SINGLE (Line Drive, 89S, EV 97.5 MPH)
John Christopher to second
Batting: RHB Jeff Rock 0-0: Ball
1-0: Swinging Strike
1-1: Foul Ball, location: 2F
1-2: Grounds into double play, 6-4-3 (Groundball, 6, EV 100.0 MPH)
Bottom of the 6th over - 0 runs, 1 hit, 0 errors, 1 left on base; Dunedin 1 - Charlotte 1
TOP OF THE 7TH
Dunedin Blue Jays batting - Pitching for Charlotte Stone Crabs : LHP Mike Fife
Batting: RHB Steve Jones 0-0: Called Strike
0-1: Ball
1-1: Foul Ball, location: 7LSF
1-2: Ball
2-2: Foul Ball, location: 5FF
2-2: Ball
3-2: Base on Balls
Batting: LHB Rob Roe 0-0: Foul Ball, location: 7LMF
0-1: Grounds into double play, 4-6-3 (Groundball, 34S, EV 79.4 MPH)
Batting: RHB Ricky Davila 0-0: Ground out 4-3 (Groundball, 34, EV 100.6 MPH)
Top of the 7th over - 0 runs, 0 hits, 0 errors, 0 left on base; Dunedin 1 - Charlotte 1
BOTTOM OF THE 7TH
Charlotte Stone Crabs batting - Pitching for Dunedin Blue Jays : RHP R.J. Louvier
Batting: LHB Bryan Souder 0-0: Ball
1-0: Ball
2-0: Called Strike
2-1: SOLO HOME RUN (Flyball, 78XD, EV 105.6 MPH), Distance : 412 ft
Pitching: LHP Victor Castorena
Batting: RHB Isaiah Qualls 0-0: Called Strike
0-1: Called Strike
0-2: Foul Ball, location: 5F
0-2: SOLO HOME RUN (Flyball, 7D, EV 102.5 MPH), Distance : 402 ft
Batting: RHB Chad Morris 0-0: Ball
1-0: Ground out 6-3 (Groundball, 56, EV 81.9 MPH)
Batting: RHB Jason William 0-0: Ball
1-0: Ball
2-0: DOUBLE (Line Drive, 78M, EV 99.4 MPH)
Batting: RHB Alex Cooper 0-0: Intentional Walk
Batting: RHB Zach Frederick 0-0: Foul Ball, location: 9LDF
0-1: Ball
1-1: Fly out, F7 (Flyball, 78S, EV 93.8 MPH)
Lined into DP, 7-3 (Flyball, 78S, EV 93.8 MPH)
Bottom of the 7th over - 2 runs, 3 hits, 0 errors, 1 left on base; Dunedin 1 - Charlotte 3
TOP OF THE 8TH
Dunedin Blue Jays batting - Pitching for Charlotte Stone Crabs : LHP Mike Fife
Now at 1B: Andy Pyszka
Now in LF: Jim Leonhard
Pinch Hitting: RHB Chris Haberman 0-0: Ball
1-0: Swinging Strike
1-1: Called Strike
1-2: Strikes out looking
Batting: RHB Kenny Franks 0-0: SINGLE (Groundball, 6MD, EV 98.1 MPH)
Batting: RHB Jesse Fobes 0-0: Ball
1-0: Called Strike
1-1: Ball
2-1: Foul Ball, location: 5FF
2-2: Foul Ball, location: 9LSF
2-2: Ball
3-2: SINGLE (Line Drive, 8RS, EV 108.1 MPH)
Kenny Franks to second
Runner from 2nd tries for 3rd, SAFE, throw by CF made to third
Batting: LHB Jared Sprinkle 0-0: Foul Ball, location: 7LDF
0-1: Swinging Strike
0-2: Ball
1-2: Foul Ball, location: 2F
1-2: 3-RUN HOME RUN (Flyball, 89XD, EV 101.3 MPH), Distance : 406 ft
Batting: RHB Devon Phillips 0-0: Ball
1-0: Called Strike
1-1: Fly out, F8 (Flyball, 89S, EV 91.3 MPH)
Batting: RHB Bill Curtis 0-0: Ball
1-0: Ball
2-0: Ball
3-0: Called Strike
3-1: Base on Balls
Pitching: RHP Willie Portugal
Batting: RHB Steve Jones 0-0: Ball
1-0: Fly out, F8 (Flyball, 8RD, EV 86.3 MPH)
Top of the 8th over - 3 runs, 3 hits, 0 errors, 1 left on base; Dunedin 4 - Charlotte 3
BOTTOM OF THE 8TH
Charlotte Stone Crabs batting - Pitching for Dunedin Blue Jays : LHP Victor Castorena
Now at 1B: Bill Curtis
Now at 3B: Dave Ellenbecker
Now at SS: Salvador Casas
Batting: SHB John Christopher 0-0: Ball
1-0: Fly out, F8 (Flyball, 8LM, EV 79.4 MPH)
Batting: RHB Daniel Melendrez 0-0: Called Strike
0-1: Foul Ball, location: 2F
0-2: Ball
1-2: Ball
2-2: Ground out 6-3 (Groundball, 56S, EV 87.5 MPH)
Batting: RHB Jeff Rock 0-0: Ball
1-0: Ball
2-0: Foul Ball, location: 7LSF
2-1: Ball
3-1: Foul Ball, location: 2F
3-2: Base on Balls
Batting: LHB Bryan Souder
Pinch Hitting: RHB Gabriel Kenny 0-0: Ball
1-0: SINGLE (Flyball, 3D, EV 93.8 MPH)
Jeff Rock to second
Runner from 2nd tries for 3rd, SAFE, throw by RF made to third
Pitching: LHP Ramon Gallegos
Batting: RHB Andy Pyszka 0-0: Called Strike
0-1: Foul Ball, location: 7LMF
0-2: Strikes out swinging
Bottom of the 8th over - 0 runs, 1 hit, 0 errors, 2 left on base; Dunedin 4 - Charlotte 3
TOP OF THE 9TH
Dunedin Blue Jays batting - Pitching for Charlotte Stone Crabs : RHP Willie Portugal
Now at 3B: Alfredo Zapata
Batting: LHB Rob Roe 0-0: Ball
1-0: Foul Ball, location: 9LSF
1-1: Ball
2-1: Ball
3-1: SINGLE (Line Drive, 8RS, EV 96.9 MPH)
Batting: RHB Salvador Casas 0-0: Bunted foul
0-1: Bunt missed!
0-2: Foul Ball, location: 9LDF
0-2: Strikes out swinging
Batting: RHB Dave Ellenbecker 0-0: Ball
1-0: Foul Ball, location: 2F
1-1: Called Strike
1-2: Ball
2-2: Ball
3-2: Ground out 5-3 (Groundball, 15, EV 82.5 MPH)
Rob Roe to second
Pinch Hitting: RHB Blaine Lyons 0-0: Called Strike
0-1: Ball
1-1: Foul Ball, location: 9LMF
1-2: SINGLE (Line Drive, 4D, EV 98.1 MPH)
Rob Roe to third
Runner from 3rd tries for Home, SAFE, throw by CF to home
Batting: RHB Jesse Fobes 0-0: Ball
1-0: Ball
2-0: Called Strike
2-1: Called Strike
2-2: Ball
3-2: Ground out 6-3 (Groundball, 6, EV 84.4 MPH)
Top of the 9th over - 1 run, 2 hits, 0 errors, 1 left on base; Dunedin 5 - Charlotte 3
BOTTOM OF THE 9TH
Charlotte Stone Crabs batting - Pitching for Dunedin Blue Jays : LHP Ramon Gallegos
Now at C: Jeff Dolcini
Now in RF: Blaine Lyons
Batting: RHB Chad Morris 0-0: Ball
1-0: Fly out, F8 (Flyball, 8LD, EV 103.1 MPH)
Batting: RHB Jason William 0-0: Foul Ball, location: 2F
0-1: Ball
1-1: Called Strike
1-2: Ground out 6-3 (Groundball, 6, EV 81.9 MPH)
Batting: RHB Jim Leonhard 0-0: Ball
1-0: Ball
2-0: Ball
3-0: Called Strike
3-1: Base on Balls
Batting: RHB Zach Frederick 0-0: Ball
1-0: Called Strike
1-1: Foul Ball, location: 9LDF
1-2: Strikes out swinging
Bottom of the 9th over - 0 runs, 0 hits, 0 errors, 1 left on base; Dunedin 5 - Charlotte 3
Wednesday, May 15th , 2024 - OOTP Baseball 24.11 Build 85